 Dungeon Crawl Stone Soup version 0.32-a0-576-g706899e69d (webtiles) character file.

Game seed: 2179097220538882965

625 javelincjr the Trooper (level 7, -1/79 HPs)
             Began as a Demonspawn Warper on Mar 1, 2024.
             Was a Follower of Beogh.
             Slain by a water moccasin (5 damage)
             ... on level 4 of the Dungeon.
             The game lasted 00:21:38 (4194 turns).

javelincjr the Trooper (Demonspawn Warper)          Turns: 4194, Time: 00:21:38

Health: -1/79      AC: 23    Str: 13    XL:     7   Next: 23%
Magic:  0/11       EV:  2    Int: 17    God:    Beogh [*.....]
Gold:   166        SH:  4    Dex: 19    Spells: 1/12 levels left

rFire   . . .        I - +1 dagger (venom)
rCold   . . .        (no shield)
rNeg    . . .        w - melded +0 robe of Negligence {rElec rN+ Will+ Str+4}
rPois   +            (helmet currently unavailable)
rElec   .            F - melded scarf {harm}
rCorr   .            (gloves currently unavailable)
SInv    .            (boots currently unavailable)
Will    .....        k - amulet of guardian spirit
Stlth   ++           p - +6 ring of dexterity
HPRegen 0.33/turn    (no ring)
MPRegen 0.12/turn

%: guardian spirit
@: tree-form, hasted, very quick
A: stationary, stasis, torment immunity, boosted hp, (antennae 2), big brain 2,
condensation shield
a: Renounce Religion


You were on level 4 of the Dungeon.
You worshipped Beogh.
Beogh was aware of your devotion.
You were a tree.
You visited 1 branch of the dungeon, and saw 5 of its levels.

You collected 166 gold pieces.

Inventory:

Hand Weapons
 a - a +0 spear
 q - a +2 hand axe of freezing
 s - a +0 sling
 x - a +1 hand axe of electrocution
 y - a +1 dagger of draining
 I - a +1 dagger of venom (weapon)
Missiles
 d - 5 darts of dispersal
 i - 35 stones
 l - 13 poisoned darts (quivered)
Armour
 b - a +0 leather armour
 w - the +0 robe of Negligence (melded) {rElec rN+ Will+ Str+4}
   (You found it on level 3 of the Dungeon)

   Str+4:     It affects your strength (+4).
   rElec:     It insulates you from electricity.
   rN+:       It protects you from negative energy.
   Will+:     It increases your willpower.
 C - a +0 plate armour
 D - a +0 ring mail
 F - a scarf of harm (melded)
Jewellery
 k - an amulet of guardian spirit (around neck)
 p - a +6 ring of dexterity (left branch)
 v - a ring of fire
Talismans
 u - a flux talisman
Wands
 o - a wand of digging (2)
Scrolls
 e - 4 scrolls of fear {unknown}
 f - 4 scrolls of identify {unknown}
 g - a scroll of fog {unknown}
 j - 2 scrolls of amnesia {unknown}
 t - 2 scrolls of butterflies {unknown}
 A - a scroll of immolation {unknown}
 E - a scroll of enchant weapon {unknown}
 G - a scroll of torment {unknown}
 H - a scroll of teleportation {unknown}
Potions
 r - a potion of cancellation {unknown}
 z - a potion of degeneration {unknown}


   Skills:
 * Level 3.9 Fighting
 + Level 3.1 Polearms
 - Level 2.1 Throwing
 + Level 2.5 Armour
 + Level 3.0 Dodging
 + Level 3.3 Spellcasting
 + Level 3.7 Translocations
 + Level 1.7 Invocations


You had one spell level left.
You knew the following spells:

 Your Spells              Type           Power      Damage    Failure   Level
a - Blink                 Tloc           30%        N/A       5%          2
b - Lesser Beckoning      Tloc           30%        N/A       5%          2
c - Slow                  Hex            8%         N/A       17%         1
d - Teleport Other        Tloc           15%        N/A       11%         3
e - Gell's Gravitas       Tloc           15%        N/A       11%         3

Your spell library contained the following spells:

 Spells                   Type           Power      Damage    Failure   Level
 Shock                    Conj/Air       8%         1d3       17%         1
 Manifold Assault         Tloc           15%        N/A       36%         4
 Confusing Touch          Hex            2%         N/A       45%         3
 Fugue of the Fallen      Necr           2%         N/A       45%         3
 Ozocubu's Armour         Ice            2%         N/A       45%         3
 Sigil of Binding         Hex            2%         N/A       45%         3
 Swiftness                Air            2%         N/A       45%         3
 Vampiric Draining        Necr           2%         2d6       45%         3
 Vhi's Electric Charge    Tloc/Air       18%        N/A       61%         4
 Airstrike                Air            1%         2d(1-17)  86%         4
 Dispersal                Tloc           7%         N/A       99%         6


Dungeon Overview and Level Annotations

Branches:
Dungeon (5/15)
 Temple: D:4-7

Altars:
Dithmenos

Shops:
D:4 (


Innate Abilities, Weirdness & Mutations

You are a tree.
Your roots penetrate the ground, keeping you stationary.
You cannot be teleported.
You are immune to unholy pain and torment.
Your maximum health is greatly increased.
Your equipment is partially melded.
((You have a pair of antennae on your head.))
You have an extremely huge brain. (Int +4)
A meltable shield of frost defends you. (SH +4)


Message History

You barely miss the water moccasin.
The water moccasin is severely wounded.
The water moccasin bites you.
* * * LOW HITPOINT WARNING * * *
You closely miss the water moccasin.
The water moccasin is severely wounded.
You block the water moccasin's attack. The water moccasin bites you.
* * * LOW HITPOINT WARNING * * *
It was a potion of lignification.
You turn into a tree.
Your scarf of harm melds into your body.
The +0 robe of Negligence {rElec rN+ Will+ Str+4} melds into your body.
Your roots penetrate the ground.
The water moccasin bites you but does no damage.
You completely miss the water moccasin.
The water moccasin is severely wounded.
The water moccasin bites you.
* * * LOW HITPOINT WARNING * * *
You barely miss the water moccasin.
The water moccasin is severely wounded.
The water moccasin bites you.
* * * LOW HITPOINT WARNING * * *
The water moccasin bites you but does no damage.
You hit the water moccasin.
The water moccasin is severely wounded.
The water moccasin barely misses you.
It was a potion of haste.
You feel yourself speed up.
The water moccasin bites you but does no damage. x2
You closely miss the water moccasin.
The water moccasin is severely wounded.
You closely miss the water moccasin.
The water moccasin is severely wounded.
The water moccasin bites you.
* * * LOW HITPOINT WARNING * * *
You barely miss the water moccasin.
The water moccasin is severely wounded.
You block the water moccasin's attack.
You closely miss the water moccasin.
The water moccasin is severely wounded.
The water moccasin bites you.
You die...

##.##.# #.#.####.....#.## ##.##.#
####......#<......# ##....#
#..........÷......## .###..#
##.#................#
..##..####..#..........).....#
#.##..##...##.....[..........##
#......#.####.................###
###.#....# ##....S..............#
###.....####<...♣............>.##
.............#..............####
###.......#####.....##......#
###.........# #########.###.#
............### ##.# #.#
.##...........## #..# #.##
...............## #.## #..##
..........###...## #.# ##..#
###.......# ##...# #.# ####.###


You could see a water moccasin.

Vanquished Creatures
  Eustachio (D:4)
  A centaur (D:4)
  Blork the orc (D:4)
  A scorpion (D:4)
  A bombardier beetle (D:3)
  An orc priest (D:4)
  2 iguanas
  An orc wizard (D:4)
  4 adders
  3 ufetubi (D:4)
  A ribbon worm (D:2)
  4 dart slugs
  12 orcs
  5 endoplasms
  2 giant cockroaches
  6 goblins
  9 hobgoblins
  2 quokkas (D:1)
  5 ball pythons
  2 bats (D:1)
  2 frilled lizards
  5 kobolds
  11 rats
82 creatures vanquished.

Notes
Turn   | Place    | Note
-------+----------+-------------------------------------------
     0 | D:1      | javelincjr the Demonspawn Warper began the quest for the
                  | Orb.
     0 | D:1      | Reached XP level 1. HP: 16/16 MP: 3/3
   197 | D:1      | Reached skill level 1 in Throwing
   199 | D:1      | Reached skill level 1 in Armour
   276 | D:1      | Gained mutation: You have an unusually large brain. (Int
                  | +2) [demonic ancestry]
   276 | D:1      | Reached XP level 2. HP: 20/22 MP: 5/5
   615 | D:1      | Found a faded altar of an unknown god.
   842 | D:1      | Gained mutation: You have a pair of small antennae on your
                  | head. [demonic ancestry]
   842 | D:1      | Reached XP level 3. HP: 27/28 MP: 6/6
   948 | D:2      | Learned a level 2 spell: Blink
   951 | D:2      | Learned a level 2 spell: Lesser Beckoning
   953 | D:2      | Learned a level 1 spell: Slow
  1555 | D:3      | Reached XP level 4. HP: 34/34 MP: 7/7
  1581 | D:3      | Found a shadowy altar of Dithmenos.
  1591 | D:3      | Identified the +0 robe of Negligence {rElec rN+ Will+
                  | Str+4}
  1773 | D:3      | Gained mutation: You have an extremely huge brain. (Int +4)
                  | [demonic ancestry]
  1773 | D:3      | Reached XP level 5. HP: 10/40 MP: 2/8
  2250 | D:4      | Noticed Blork the orc
  2265 | D:4      | Killed Blork the orc
  2400 | D:4      | Found Walioh's Antique Weapon Shoppe.
  2482 | D:4      | Became a worshipper of Beogh the Shepherd
  2494 | D:4      | Gained mutation: You have a pair of antennae on your head.
                  | [demonic ancestry]
  2494 | D:4      | Reached XP level 6. HP: 13/47 MP: 4/10
  2636 | D:4      | Learned a level 3 spell: Teleport Other
  2793 | D:4      | Noticed Eustachio
  3266 | D:4      | Killed Eustachio
  3267 | D:4      | Reached skill level 1 in Invocations
  3482 | D:4      | Learned a level 3 spell: Gell's Gravitas
  3713 | D:4      | Gained mutation: A meltable shield of frost defends you.
                  | (SH +4) [demonic ancestry]
  3713 | D:4      | Reached XP level 7. HP: 24/53 MP: 5/11
  3871 | D:5      | Entered Level 5 of the Dungeon
  3881 | D:4      | Reached * piety under Beogh
  4192 | D:4      | HP: 3/79 [water moccasin (4)]
  4194 | D:4      | Slain by a water moccasin

Illustrated notes

Levels and vault maps discovered:
D:1:      ncdulo_lavacross, layout_loops_ring,
          shapermc_ecumenical_altar_mp_ritualfount
D:2:      layout_rooms, minmay_close_crescents
D:3:      layout_rooms, mainiacjoe_overflow_24_doors
D:4:      layout_rooms, serial_shops, shop, uniq_blork_the_orc, uniq_eustachio
D:5:      layout_basic, nicolae_overflow_hidden_temple,
          minmay_temple_entry_grid, mainiacjoe_ossuary_entry_dusty_tomb,
          hangedman_feature_mirror

Skill      XL: |  1  2  3  4  5  6 |
---------------+-------------------+-----
Throwing       | 1 2 |  2.1
Armour         | 1 2 |  2.5
Polearms       | 2 3 |  3.1
Dodging        | 2 3 |  3.0
Translocations | 3 |  3.7
Fighting       | 3 |  3.9
Spellcasting   | 3 |  3.3
Invocations    | 1 |  1.7

Action                     |  1- 3 |  4- 6 |  7- 9 || total
---------------------------+-------+-------+-------++-------
  Melee: Spear             |   124 |       |       ||   124
         Hand axe          |    29 |    28 |       ||    57
         Dagger            |       |   159 |    41 ||   200
  Throw: Dart              |     2 |     9 |       ||    11
   Cast: Blink             |     1 |     4 |     3 ||     8
         Lesser Beckoning  |       |     3 |       ||     3
 Invoke: Convert to Beogh  |       |     1 |       ||     1
    Use: Potion            |       |     2 |     6 ||     8
         Scroll            |       |       |     1 ||     1
   Stab: Sleeping          |       |     1 |       ||     1
 Armour: Leather armour    |    62 |     7 |       ||    69
         Robe              |       |   115 |    50 ||   165
         Skin              |       |       |     8 ||     8
  Dodge: Dodged            |    77 |   112 |    60 ||   249
  Block: Other             |       |       |    15 ||    15

Table legend: (Time is in decaauts)
 A = Elapsed time spent in this place.
 B = Non-inter-level travel time spent in this place.
 C = Inter-level travel time spent in this place.
 D = Time resting spent in this place.
 E = Time spent auto-exploring this place.
 F = Levels seen in this place.
 G = Mean time per level.
                   A        B        C        D        E       F      G
               +--------+--------+--------+--------+--------+-----+--------+
         Total |   4210 |   4038 |    172 |    702 |   2382 |   5 |  842.0 |
       Dungeon |   4210 |   4038 |    172 |    702 |   2382 |   5 |  842.0 |
               +--------+--------+--------+--------+--------+-----+--------+

Top non-repeatable levels by time:
     D:4: 1449 daAuts
     D:3: 1315 daAuts
     D:1: 812 daAuts
     D:2: 625 daAuts
     D:5: 7 daAuts
